 Dungeon Crawl Stone Soup version 0.24-a0-280-g7cec4da (webtiles) character file.

Game seed: 10493309579813986099

203 AlmondAAA the Magician (level 5, -1/37 HPs)
             Began as a Gnoll Wizard on May 12, 2019.
             Killed from afar by an orc wizard (8 damage)
             ... with a magic dart
             ... on level 3 of the Dungeon.
             The game lasted 00:08:06 (2609 turns).

AlmondAAA the Magician (Gnoll Wizard)               Turns: 2609, Time: 00:08:06

Health: -1/37      AC:  3    Str: 10    XL:     5   Next: 81%
Magic:  10/14      EV: 14    Int: 21    God:
Gold:   210        SH:  0    Dex: 13    Spells: 5/18 levels left

rFire    . . .     SeeInvis .   i - +0 short sword
rCold    . . .     Gourm    .   (no shield)
rNeg     . . .     Faith    .   a - +0 robe
rPois    +         Spirit   .   b - +0 hat
rElec    .         Reflect  .   (no cloak)
rCorr    .         Harm     .   g - +0 pair of gloves (curse)
MR       .....                  (no boots)
Stlth    +++.......             (no amulet)
HPRegen  0.12/turn              s - ring of poison resistance
MPRegen  0.14/turn              (no ring)

@: no status effects
A: distributed training, fangs 1, strong nose
a: no special abilities


You were on level 3 of the Dungeon.
You were near starving.

You visited 1 branch of the dungeon, and saw 4 of its levels.

You collected 210 gold pieces.

Inventory:

Hand Weapons
 i - a +0 short sword (weapon)
 n - a +0 spear
Missiles
 e - 133 stones (quivered)
Armour
 a - a +0 robe (worn)
 b - a +0 hat (worn)
 f - a +0 leather armour
 g - a cursed +0 pair of gloves (worn)
Jewellery
 s - a ring of poison resistance (left hand)
Scrolls
 k - 2 scrolls of amnesia
 l - a scroll of fog {unknown}
 m - 3 scrolls of enchant weapon {unknown}
 o - 2 scrolls of remove curse {unknown}
 q - a scroll of enchant armour {unknown}
 v - a scroll of blinking {unknown}
Potions
 c - 2 potions of heal wounds
 h - 2 potions of degeneration {unknown}
 j - 2 potions of curing {unknown}
 p - a potion of flight {unknown}
 r - 2 potions of haste {unknown}
 t - a potion of might {unknown}
 u - a potion of cancellation {unknown}
Comestibles
 d - 7 rations


   Skills:
 + Level 1.6 Fighting
 + Level 1.6 Short Blades
 + Level 1.6 Long Blades
 + Level 1.6 Axes
 + Level 1.6 Maces & Flails
 + Level 1.6 Polearms
 + Level 1.6 Staves
 + Level 1.6 Slings
 + Level 1.6 Bows
 + Level 1.6 Crossbows
 + Level 1.6 Throwing
 + Level 1.6 Armour
 + Level 4.8 Dodging
 + Level 4.4 Stealth
 + Level 1.6 Shields
 + Level 1.6 Unarmed Combat
 + Level 7.3 Spellcasting
 + Level 2.4 Conjurations
 + Level 1.3 Hexes
 + Level 1.3 Charms
 + Level 2.4 Summonings
 + Level 1.3 Necromancy
 + Level 2.4 Translocations
 + Level 1.3 Transmutations
 + Level 1.3 Fire Magic
 + Level 1.3 Ice Magic
 + Level 1.3 Air Magic
 + Level 1.3 Earth Magic
 + Level 1.3 Poison Magic
 + Level 1.8 Invocations
 + Level 1.6 Evocations


You had 5 spell levels left.
You knew the following spells:

 Your Spells              Type           Power        Failure   Level  Hunger
a - Magic Dart            Conj           ###.         3%          1    None
b - Blink                 Tloc           N/A          4%          2    None
c - Call Imp              Summ           ###.....     4%          2    None
d - Slow                  Hex            ##......     8%          2    None
e - Mephitic Cloud        Conj/Pois/Air  ##......     13%         3    None
f - Conjure Flame         Conj/Fire      ###.....     12%         3    None

Your spell library contained the following spells:

 Spells                   Type           Power        Failure   Level  Hunger


Dungeon Overview and Level Annotations

Branches:
Dungeon (4/15)
 Temple: D:4-7

Altars:
Fedhas


Innate Abilities, Weirdness & Mutations

Your experience applies equally to all skills.
You have very sharp teeth.
Your uncanny sense of smell can sniff out nearby items.


Message History

The orc hits you with a +0 club.
* * * LOW HITPOINT WARNING * * *
Casting: Magic Dart (safe; 3% risk of failure)
Confirm with . or Enter, or press ? or * to list all spells.
Aiming: Magic Dart (safe; 3% risk of failure)
Press: ? - help, Shift-Dir - straight line, f/p - orc wizard
Aim: an orc wizard, wielding a +0 dagger and wearing a +0 robe (lightly wounded)
Okay, then.
Casting: Magic Dart (safe; 3% risk of failure)
Confirm with . or Enter, or press ? or * to list all spells.
Aiming: Magic Dart (safe; 3% risk of failure)
Press: ? - help, Shift-Dir - straight line, f - orc, p - orc wizard
Aim: an orc, wielding a +0 club (lightly wounded)
Okay, then.
Casting: Magic Dart (safe; 3% risk of failure)
Confirm with . or Enter, or press ? or * to list all spells.
You blink.
The orc wizard points at you and mumbles some strange words.
The magic dart hits you!
You die...

..................###
....................#
.............§o.....#
............o.......#
....................#
..............[....##
...................#
...##......[......##
....##.....#....@##
........#.##...###
....###.....##.#
...###....)....##########
...###..................#
.............#..........#
..####.......#..........#
..# #.......##.........#
..# #.......##.........#


You could see an orc wizard and an orc.

Vanquished Creatures
  A scorpion (D:2)
  3 adders
  An ooze (D:3)
  A worm (D:2)
  2 dart slugs (D:1)
  A leopard gecko (D:2)
  2 orcs
  4 giant cockroaches
  8 goblins
  7 hobgoblins
  2 ball pythons
  9 bats
  8 frilled lizards
  12 kobolds
  6 rats
67 creatures vanquished.

Vanquished Creatures (collateral kills)
  An orc warrior (D:3)
1 creature vanquished.

Grand Total: 68 creatures vanquished

Notes
Turn   | Place    | Note
-------+----------+-------------------------------------------
     0 | D:1      | AlmondAAA the Gnoll Wizard began the quest for the Orb.
     0 | D:1      | Reached XP level 1. HP: 13/13 MP: 8/8
   171 | D:1      | Reached XP level 2. HP: 19/19 MP: 7/10
   247 | D:1      | Learned a level 2 spell: Blink
   250 | D:1      | Learned a level 2 spell: Call Imp
   324 | D:1      | Learned a level 2 spell: Slow
   577 | D:1      | Reached XP level 3. HP: 24/25 MP: 5/11
   878 | D:2      | Reached skill level 1 in Invocations
   923 | D:2      | Noticed a scorpion
   935 | D:2      | Killed a scorpion
   935 | D:2      | Reached skill level 1 in Fighting
   935 | D:2      | Reached skill level 1 in Short Blades
   935 | D:2      | Reached skill level 1 in Long Blades
   935 | D:2      | Reached skill level 1 in Axes
   935 | D:2      | Reached skill level 1 in Maces & Flails
   935 | D:2      | Reached skill level 1 in Polearms
   935 | D:2      | Reached skill level 1 in Staves
   935 | D:2      | Reached skill level 1 in Slings
   935 | D:2      | Reached skill level 1 in Bows
   935 | D:2      | Reached skill level 1 in Crossbows
   935 | D:2      | Reached skill level 1 in Throwing
   935 | D:2      | Reached skill level 1 in Armour
   935 | D:2      | Reached skill level 1 in Shields
   935 | D:2      | Reached skill level 1 in Unarmed Combat
   935 | D:2      | Reached skill level 1 in Evocations
   935 | D:2      | Reached XP level 4. HP: 23/32 MP: 0/13
  1044 | D:2      | Learned a level 3 spell: Mephitic Cloud
  1048 | D:2      | Learned a level 3 spell: Conjure Flame
  1140 | D:2      | Found a blossoming altar of Fedhas.
  1143 | D:2      | Reached skill level 1 in Hexes
  1143 | D:2      | Reached skill level 1 in Charms
  1143 | D:2      | Reached skill level 1 in Necromancy
  1143 | D:2      | Reached skill level 1 in Transmutations
  1143 | D:2      | Reached skill level 1 in Fire Magic
  1143 | D:2      | Reached skill level 1 in Ice Magic
  1143 | D:2      | Reached skill level 1 in Air Magic
  1143 | D:2      | Reached skill level 1 in Earth Magic
  1143 | D:2      | Reached skill level 1 in Poison Magic
  1360 | D:2      | Found a faded altar of an unknown god.
  1637 | D:3      | Reached XP level 5. HP: 37/37 MP: 9/14
  2265 | D:4      | Noticed an orc warrior
  2510 | D:3      | Killed an orc warrior
  2609 | D:3      | Killed from afar by an orc wizard

Levels and vault maps discovered:
D:1:      dpeg_arrival_connections, layout_rooms, minmay_misc_feat_encased
D:2:      layout_rooms, fedhas_altar_fruit_tree, first_ration,
          chequers_ecumenical_altar_grove
D:3:      layout_rooms
D:4:      layout_rooms, lemuel_doored_altar, minmay_temple_entry_wispy,
          serial_shops, shop, nicolae_shop_stone, nicolae_shop_window_shopping,
          shop_coins, shop, minivault_23, minmay_misc_feat_diagonals,
          guppyfry_early_orc_mine, uniq_crazy_yiuf_cottage

Skill      XL: |  1  2  3  4 |
---------------+-------------+-----
Conjurations   | 2 |  2.4
Summonings     | 2 |  2.4
Translocations | 2 |  2.4
Invocations    | 1 |  1.8
Fighting       | 1 |  1.6
Short Blades   | 1 |  1.6
Long Blades    | 1 |  1.6
Axes           | 1 |  1.6
Maces & Flails | 1 |  1.6
Polearms       | 1 |  1.6
Staves         | 1 |  1.6
Slings         | 1 |  1.6
Bows           | 1 |  1.6
Crossbows      | 1 |  1.6
Throwing       | 1 |  1.6
Armour         | 1 |  1.6
Shields        | 1 |  1.6
Unarmed Combat | 1 |  1.6
Evocations     | 1 |  1.6
Hexes          | 1 |  1.3
Charms         | 1 |  1.3
Necromancy     | 1 |  1.3
Transmutations | 1 |  1.3
Fire Magic     | 1 |  1.3
Ice Magic      | 1 |  1.3
Air Magic      | 1 |  1.3
Earth Magic    | 1 |  1.3
Poison Magic   | 1 |  1.3
Dodging        | |  4.8
Stealth        | |  4.4
Spellcasting   | |  7.3

Action                   |  1- 3 |  4- 6 || total
-------------------------+-------+-------++-------
Melee: Unarmed           |     4 |       ||     4
       Short sword       |     5 |     7 ||    12
 Cast: Magic Dart        |    72 |    83 ||   155
       Call Imp          |       |    15 ||    15
       Blink             |       |     2 ||     2
  Use: Scroll            |       |     2 ||     2
 Stab: Sleeping          |     3 |     1 ||     4
  Eat: Chunk             |       |     3 ||     3
Armor: Robe              |     1 |     1 ||     2
Dodge: Dodged            |    27 |    19 ||    46

Table legend:
 A = Non-vault XP
 B = Vault XP
 C = Vault XP percentage of total XP
 D = Non-vault monster count
 E = Vault monster count
 F = Vault count percentage of total count
                 A         B        C        D         E       F
            +---------+---------+-------+---------+---------+-------
      Total |     215 |      76 |  26.1 |      66 |       2 |   2.9
            +---------+---------+-------+---------+---------+-------
        D:1 |      34 |       0 |   0.0 |      21 |       0 |   0.0
        D:2 |     119 |       0 |   0.0 |      25 |       0 |   0.0
        D:3 |      62 |      73 |  54.1 |      20 |       1 |   4.8
        D:4 |       0 |       3 | 100.0 |       0 |       1 | 100.0
            +---------+---------+-------+---------+---------+-------
